 Dungeon Crawl Stone Soup version 0.28.0 (webtiles) character file.

Game seed: 16257959654752268900

127542 ragingrage the Executioner (level 16, -6/165 HPs)
             Began as a Minotaur Berserker on Feb 7, 2022.
             Was the Champion of Trog.
             Constricted to death by a shambling mangrove (13 damage)
             ... on level 1 of the Swamp.
             The game lasted 00:26:44 (28523 turns).

ragingrage the Executioner (Minotaur Berserker)    Turns: 28523, Time: 00:26:45

Health: -6/165     AC: 22    Str: 33    XL:     16   Next: 46%
Magic:  5/5        EV: 18    Int:  4    God:    Trog [******]
Gold:   2225       SH:  5    Dex: 12    Spells: 15/15 levels left

rFire   . . .      SeeInvis .   Z - +5 executioner's axe (antimagic)
rCold   + + .      Faith    .   (shield currently unavailable)
rNeg    + . .      Spirit   .   X - +0 swamp dragon scales
rPois   +          Reflect  +   y - +1 hat
rElec   .          Harm     .   o - +2 cloak {rCorr}
rCorr   +          Rampage  .   S - +0 pair of gloves {Stlth+}
Will    +....                   h - +2 pair of boots
Stlth   +.........              i - amulet of reflection
HPRegen 0.37/turn               x - ring of the Hare {EV+8}
MPRegen 0.09/turn               U - ring "Fasse" {rC+ rN+ Str+5 Stlth-}

@: grasped by roots, on berserk cooldown, slowed, constricted, very slow
A: horns 2, retaliatory headbutt, cold resistance 1
a: Renounce Religion, Berserk, Trog's Hand, Brothers in Arms


You were on level 1 of the Swamp.
You worshipped Trog.
Trog was exalted by your worship.
You visited 6 branches of the dungeon, and saw 27 of its levels.
You also visited: Bailey.

You collected 3237 gold pieces.
You spent 1012 gold pieces at shops.

Inventory:

Hand Weapons
 l - a +2 battleaxe of flaming
 K - a +2 executioner's axe of venom
 Z - a +5 antimagic executioner's axe (weapon)
Missiles
 m - a throwing net
 H - 2 curare-tipped darts
 W - 2 silver javelins
Armour
 h - a +2 pair of boots (worn)
 o - a +2 cloak of preservation (worn)
 y - a +1 hat (worn)
 S - a +0 pair of gloves of stealth (worn)
 X - +0 swamp dragon scales (worn)
Jewellery
 i - an amulet of reflection (around neck)
 x - the ring of the Hare (left hand) {EV+8}
   (You found it on level 2 of the Lair of Beasts)

   [ring of evasion]

   EV:        It affects your evasion (+8).
 F - a ring of magical power
 J - a ring of resist corrosion
 N - a ring of ice
 U - the ring "Fasse" (right hand) {rC+ rN+ Str+5 Stlth-}
   (You found it on level 5 of the Lair of Beasts)

   [ring of positive energy]

   Str:       It affects your strength (+5).
   rC:        It protects you from cold.
   rN:        It protects you from negative energy.
   Stlth:     It makes you less stealthy.
Wands
 p - a wand of digging (3)
 v - a wand of acid (14)
 z - a wand of flame (44) (quivered)
 B - a wand of iceblast (12)
 O - a wand of mindburst (14)
 Q - a wand of charming (10)
 Y - a wand of paralysis (7)
Scrolls
 a - 2 scrolls of brand weapon
 d - 4 scrolls of enchant armour
 f - 2 scrolls of blinking
 g - a scroll of holy word
 k - 5 scrolls of teleportation
 r - 19 scrolls of identify
 t - 4 scrolls of enchant weapon
 u - 5 scrolls of immolation
 A - 2 scrolls of fog
 C - a scroll of fear
 L - a scroll of silence
 P - a scroll of summoning
 V - 2 scrolls of magic mapping
Potions
 b - a potion of invisibility
 c - 11 potions of lignification
 e - 5 potions of attraction
 j - 2 potions of cancellation
 n - 8 potions of curing
 q - 3 potions of berserk rage
 s - 6 potions of heal wounds
 D - 4 potions of magic
 E - 4 potions of haste
 M - 2 potions of might
 R - 4 potions of flight
Miscellaneous
 w - a lightning rod (4/4)
 I - a box of beasts


   Skills:
 + Level 20.4 Fighting
 - Level 24.0 Axes
 + Level 15.7 Armour
 - Level 6.0 Dodging


You had 15 spell levels left.
You didn't know any spells.
Your spell library was empty.

Dungeon Overview and Level Annotations

Branches:
Dungeon (15/15)            Temple (0/1) D:6            Lair (6/6) D:10
  Swamp (2/4) Lair:3       Spider (0/4) Lair:4        Slime (0/5) Lair:6
    Orc (2/2) D:11            Elf (1/3) Orc:2        Vaults (0/5) D:14
 Depths (1/4) D:15         Bailey (visited)

Altars:
Elyvilon
Fedhas

Shops:
D:14 [   D:15 [   Orc:2 [??(*


Innate Abilities, Weirdness & Mutations

You have a pair of horns on your head.
You reflexively headbutt those who attack you in melee.
Your flesh is cold resistant. (rC+)


Message History

There are monsters nearby!
Unknown command.
The shambling mangrove barely misses you.
You furiously retaliate!
You headbutt the shambling mangrove, but do no damage.
There is a stone staircase leading up here.
The spriggan rider shouts!
You hear a roar!
The tyrant leech barely misses you.
Roots burst forth from the earth!
The grasping roots grab you! The grasping roots constrict you.
The roots lose their grip on you.
You climb upwards.
There is a stone staircase leading down here.
Unknown command.
Okay, then.
You feel much better.
The tyrant leech bites you but does no damage.
The shambling mangrove hits you!
You hit the shambling mangrove.
You headbutt the shambling mangrove, but do no damage.
The shambling mangrove is lightly damaged.
You slash the tyrant leech! The tyrant leech barely misses you.
The shambling mangrove misses you.
You hit the shambling mangrove but do no damage.
The shambling mangrove is lightly damaged.
You barely miss the tyrant leech. The tyrant leech bites you!!
* * * LOW HITPOINT WARNING * * *
The tyrant leech draws strength from your injuries!
Roots burst forth from the earth!
The grasping roots grab you! The grasping roots constrict you.
* * * LOW HITPOINT WARNING * * *
You slice the shambling mangrove!!
The shambling mangrove is moderately damaged.
You slice the tyrant leech!! The tyrant leech bites you!
* * * LOW HITPOINT WARNING * * *
The tyrant leech draws strength from your injuries!
The shambling mangrove hits you.
* * * LOW HITPOINT WARNING * * *
The grasping roots constrict you!
You die...

♣♣♣♣♣♣ ♣♣♣♣ ♣♣...≈♣
♣♣^≈♣ ♣.≈≈≈.♣♣♣.≈≈♣
♣.≈≈≈≈♣♣≈≈≈.♣
♣♣.≈≈≈≈♣...♣♣♣♣♣ ♣♣♣♣
♣≈.≈≈≈≈.≈....♣♣.
♣≈≈♣♣♣..♣≈......≈≈≈.≈
♣≈≈≈fw....≈....≈≈.♣.≈
♣♣...@..≈≈....≈..♣♣♣♣≈
♣≈≈≈≈≈≈≈≈≈....≈≈.♣♣♣♣.
♣.≈§≈≈≈≈.≈...≈≈≈..≈..≈
♣.≈≈≈≈.§≈§≈≈≈≈≈§≈....≈
♣♣.....≈≈≈≈≈≈≈≈≈≈≈...≈
♣.....≈≈≈≈≈≈.≈≈≈≈≈≈..
♣.≈§.....≈≈≈.....≈≈.♣
♣...÷♣♣♣.≈≈≈.♣≈....♣♣
♣♣♣..♣♣≈....♣♣♣..≈♣♣♣


You could see a shambling mangrove and a tyrant leech.

Vanquished Creatures
  A sphinx (Depths:1)
  A thorn hunter (Swamp:2)
  Kirke (D:12)
  A fire giant (Depths:1)
  An orc warlord (Bailey)
  A stone giant (D:15)
  2 eleionomae
  A bunyip (Swamp:2)
  A great orb of eyes (Depths:1)
  Fannar (D:11)
  13 hydras
  7 centaur warriors
  3 catoblepae
  2 two-headed ogres
  2 dancing weapons (D:14)
  3 alligators (Swamp:1)
  A deep troll earth mage (Depths:1)
  An orc high priest (Orc:2)
  3 tengu warriors
  2 deep elf knights (Elf:1)
  4 skeletal warriors (D:14)
  3 goliath frogs
  A spriggan druid (Swamp:2)
  3 deep trolls (Depths:1)
  2 swamp dragons (Swamp:1)
  3 deep elf archers (Elf:1)
  A bog body (Swamp:2)
  A glowing orange brain (Depths:1)
  An orc knight (Orc:2)
  8 deep elf zephyrmancers (Elf:1)
  4 manticores
  30 ugly things
  10 deep elf pyromancers
  2 oklob plants (Lair:3)
  7 cyclopes
  4 orc sorcerers (Orc:2)
  Maurice (D:11)
  6 elephants (Lair:6)
  7 black mambas
  A guardian serpent (shapeshifter) (D:12)
  Joseph (Lair:1)
  25 cane toads
  A gargoyle (D:12)
  2 torpor snails
  2 rime drakes
  11 komodo dragons
  A rime drake (shapeshifter) (D:10)
  6 yaktaurs
  A tengu conjurer (D:14)
  3 polar bears
  7 trolls
  A wind drake (shapeshifter) (D:15)
  17 blink frogs
  6 tyrant leeches
  A polar bear (shapeshifter) (D:13)
  A dream sheep (Lair:5)
  9 slime creatures (D:15)
  3 hornets
  A meliai zombie (D:10)
  2 air elementals (Elf:1)
  A spriggan (Swamp:1)
  A wraith (D:10)
  2 shadows
  2 wyverns
  62 yaks
  The ghost of hikkokomori the Covered, an amateur MiFi (D:3)
  2 water elementals
  7 basilisks
  A fire elemental (Elf:1)
  3 hogs (D:12)
  2 steam dragons
  10 vampire mosquitoes
  A warg (Orc:2)
  6 swamp worms
  An acid dragon (D:10)
  20 orc warriors
  27 water moccasins
  A sky beast (D:8)
  A swamp drake (Swamp:2)
  7 ogres
  18 wolves
  A boggart (D:10)
  An ice beast (D:7)
  12 centaurs
  4 necrophages
  2 phantoms
  4 kobold brigands
  17 bullfrogs
  A wyvern zombie (D:8)
  3 scorpions (Lair:4)
  A water moccasin skeleton (D:5)
  10 killer bees
  7 wights
  4 howler monkeys
  7 electric eels
  9 hounds
  5 centaur zombies
  4 jellies
  A bullfrog skeleton (D:7)
  22 orc priests
  An iguana (D:5)
  2 centaur skeletons
  A gnoll shaman (D:5)
  Crazy Yiuf (D:3)
  25 orc wizards
  A killer bee zombie (D:6)
  A hound zombie (D:5)
  A hound skeleton (D:4)
  A howler monkey skeleton (D:5)
  2 howler monkey zombies
  17 gnolls
  7 adders
  An ufetubus (D:7)
  3 worms
  82 orcs
  6 endoplasms
  3 giant cockroaches
  12 goblins
  7 hobgoblins
  26 kobolds
  4 ball pythons
  12 bats
  2 frilled lizards (D:3)
  7 rats
  3 briar patches (Swamp:2)
767 creatures vanquished.

Vanquished Creatures (collateral kills)
  A death knight (D:15)
  A goliath frog (Swamp:1)
  A swamp dragon (Swamp:1)
  2 hornets (Swamp:1)
  2 spriggans (Swamp:1)
7 creatures vanquished.

Vanquished Creatures (others)
  A bog body (Swamp:1)
  A deep elf archer (Elf:1)
  2 bloated husks (Swamp:1)
  3 briar patches (Swamp:2)
  A bush (Lair:3)
  35 fungi
  113 plants
156 creatures vanquished.

Grand Total: 930 creatures vanquished

Notes
Turn   | Place    | Note
-------+----------+-------------------------------------------
     0 | D:1      | ragingrage the Minotaur Berserker began the quest for the
                  | Orb.
     0 | D:1      | Reached XP level 1. HP: 19/19 MP: 0/0
   469 | D:1      | Reached skill level 4 in Axes
   507 | D:1      | Reached XP level 2. HP: 26/27 MP: 1/1
  1038 | D:2      | Reached XP level 3. HP: 33/33 MP: 2/2
  1103 | D:2      | Reached skill level 5 in Axes
  1103 | D:2      | Reached XP level 4. HP: 35/41 MP: 3/3
  1589 | D:3      | Noticed a steam dragon
  1596 | D:3      | Killed a steam dragon
  1597 | D:3      | Reached skill level 5 in Fighting
  1597 | D:3      | Reached skill level 6 in Axes
  1597 | D:3      | Reached XP level 5. HP: 21/48 MP: 4/4
  1845 | D:3      | Reached ** piety under Trog
  1851 | D:3      | Reached XP level 6. HP: 50/56 MP: 5/5
  1872 | D:3      | Reached skill level 7 in Axes
  2058 | D:3      | Found a large runed translucent door.
  2059 | D:3      | Found a large runed translucent door.
  2062 | D:3      | Noticed hikkokomori's ghost (amateur MiFi)
  2390 | D:3      | Identified the +4 mace "Maamutoi" {spect, rPois rN+ Int+2
                  | Dex-4}
  2395 | D:3      | Found a runed translucent door.
  2397 | D:3      | Noticed Crazy Yiuf
  2404 | D:3      | Killed Crazy Yiuf
  2533 | D:3      | Killed hikkokomori's ghost
  2716 | D:4      | Reached skill level 8 in Axes
  2716 | D:4      | Reached XP level 7. HP: 64/64 MP: 6/6
  3060 | D:5      | Entered Level 5 of the Dungeon
  3173 | D:5      | Reached skill level 9 in Axes
  3603 | D:5      | Reached skill level 10 in Axes
  3603 | D:5      | Reached XP level 8. HP: 73/73 MP: 7/7
  3810 | D:6      | Reached *** piety under Trog
  3960 | D:6      | Reached skill level 11 in Axes
  4261 | D:6      | Found a staircase to the Ecumenical Temple.
  4398 | D:7      | Reached XP level 9. HP: 78/82 MP: 8/8
  4460 | D:7      | Reached skill level 12 in Axes
  4687 | D:7      | Found a flagged portal.
  4705 | Bailey   | Entered a bailey
  4736 | Bailey   | Noticed an orc warlord
  4791 | Bailey   | Found a runed translucent gate.
  4791 | Bailey   | Found a runed translucent gate.
  4791 | Bailey   | Found a runed translucent gate.
  5046 | Bailey   | Gained mutation: Your flesh is cold resistant. (rC+)
                  | [potion of mutation]
  5054 | Bailey   | Killed an orc warlord
  5055 | Bailey   | Reached skill level 10 in Fighting
  5055 | Bailey   | Reached skill level 13 in Axes
  5214 | D:7      | Reached skill level 16 in Axes
  5214 | D:7      | Reached XP level 10. HP: 97/97 MP: 9/9
  5279 | D:7      | Reached **** piety under Trog
  6401 | D:8      | Reached skill level 17 in Axes
  6587 | D:8      | Reached XP level 11. HP: 105/105 MP: 10/10
  7645 | D:10     | Entered Level 10 of the Dungeon
  7785 | D:10     | Found a white marble altar of Elyvilon.
  7998 | D:10     | Reached skill level 18 in Axes
  8141 | D:10     | Found a staircase to the Lair.
  8180 | D:10     | Reached ***** piety under Trog
  8423 | D:10     | Noticed a centaur warrior
  8432 | D:10     | Killed a centaur warrior
  9147 | D:10     | Noticed a red ugly thing
  9176 | D:10     | Killed a red ugly thing
  9177 | D:10     | Reached skill level 19 in Axes
  9511 | D:11     | Found a staircase to the Orcish Mines.
  9515 | D:11     | Received a gift from Trog
  9577 | D:11     | Noticed Fannar
  9590 | D:11     | Killed Fannar
  9591 | D:11     | Reached XP level 12. HP: 117/117 MP: 11/11
  9670 | D:11     | Noticed Maurice
  9678 | D:11     | Killed Maurice
 10014 | D:11     | You fall into a shaft and drop 2 floors!
 10017 | D:13     | Noticed a centaur warrior
 10881 | D:12     | Noticed Kirke
 10895 | D:12     | Killed Kirke
 11063 | D:12     | Noticed a centaur warrior
 11075 | D:12     | Killed a centaur warrior
 11629 | Lair:1   | Entered Level 1 of the Lair of Beasts
 11777 | Lair:1   | Noticed Joseph
 11789 | Lair:1   | Killed Joseph
 11951 | Lair:1   | Reached skill level 20 in Axes
 12179 | Lair:1   | Reached skill level 5 in Armour
 12658 | Lair:1   | Noticed a seven-headed hydra
 12670 | Lair:1   | Killed a 13-headed hydra
 12983 | Lair:2   | Reached skill level 5 in Dodging
 12991 | Lair:2   | Reached skill level 15 in Fighting
 13277 | Lair:2   | Noticed a four-headed hydra
 13290 | Lair:2   | Killed a ten-headed hydra
 13411 | Lair:2   | Reached XP level 13. HP: 126/126 MP: 12/12
 13570 | Lair:2   | Found the ring of the Hare {EV+8}
 15084 | Lair:3   | Found a blossoming altar of Fedhas.
 15241 | Lair:3   | Reached skill level 21 in Axes
 15502 | Lair:3   | Found a staircase to the Swamp.
 15742 | Lair:4   | Found a hole to the Spider Nest.
 17183 | Lair:5   | Received a gift from Trog
 17428 | Lair:5   | Identified the ring "Fasse" {rC+ rN+ Str+5 Stlth-}
 17603 | Lair:5   | Reached skill level 22 in Axes
 17603 | Lair:5   | Reached XP level 14. HP: 137/137 MP: 13/13
 17954 | Lair:6   | Entered Level 6 of the Lair of Beasts
 17967 | Lair:6   | Found a staircase to the Slime Pits.
 18601 | Lair:6   | Reached skill level 10 in Armour
 18901 | Lair:6   | Reached skill level 23 in Axes
 19439 | Orc:1    | Entered Level 1 of the Orcish Mines
 19445 | Orc:1    | Received a gift from Trog
 19584 | Orc:2    | Entered Level 2 of the Orcish Mines
 19584 | Orc:2    | Found Ijykuk's Armour Shop.
 19901 | Orc:2    | Received a gift from Trog
 20075 | Orc:2    | Reached ****** piety under Trog
 20194 | Orc:2    | Found Gutarooc's Weapon Boutique.
 20194 | Orc:2    | Found Siytay's General Store.
 20195 | Orc:2    | Found Saceqeif's Magic Scroll Shop.
 20199 | Orc:2    | Found Diupsi Tuil's Magic Scroll Shop.
 20203 | Orc:2    | Bought a potion of haste for 120 gold pieces
 20204 | Orc:2    | Bought a scroll of identify for 30 gold pieces
 20204 | Orc:2    | Bought a scroll of identify for 30 gold pieces
 20204 | Orc:2    | Bought a scroll of fear for 52 gold pieces
 20204 | Orc:2    | Bought a scroll of identify for 30 gold pieces
 20204 | Orc:2    | Bought a scroll of summoning for 142 gold pieces
 20204 | Orc:2    | Bought a scroll of identify for 30 gold pieces
 20204 | Orc:2    | Bought a scroll of identify for 30 gold pieces
 20204 | Orc:2    | Bought a scroll of blinking for 112 gold pieces
 20205 | Orc:2    | Bought a scroll of teleportation for 45 gold pieces
 20205 | Orc:2    | Bought a scroll of magic mapping for 52 gold pieces
 20205 | Orc:2    | Bought a scroll of enchant weapon for 112 gold pieces
 20205 | Orc:2    | Bought a scroll of teleportation for 45 gold pieces
 20402 | Orc:2    | Found a staircase to the Elven Halls.
 20943 | D:13     | Reached XP level 15. HP: 147/147 MP: 14/14
 21516 | D:14     | Received a gift from Trog
 21776 | D:14     | Found a gate to the Vaults.
 21785 | D:14     | Reached skill level 24 in Axes
 22158 | D:14     | Found Quel's Antique Armour Shoppe.
 22166 | D:14     | Bought a shiny scale mail for 182 gold pieces
 22638 | D:15     | Entered Level 15 of the Dungeon
 22645 | D:15     | Found Donul's Armour Emporium.
 23507 | D:15     | Found a staircase to the Depths.
 24389 | D:15     | HP: 4/150 [death knight (14)]
 25058 | Depths:1 | Entered Level 1 of the Depths
 25264 | Depths:1 | Noticed a fire giant
 25269 | Depths:1 | Noticed a sphinx
 25279 | Depths:1 | Killed a fire giant
 25289 | Depths:1 | Killed a sphinx
 25491 | Orc:1    | Received a gift from Trog
 25801 | Elf:1    | Entered Level 1 of the Elven Halls
 25846 | Elf:1    | Reached XP level 16. HP: 126/161 MP: 5/15
 26475 | Elf:1    | Paralysed by an air elemental for 1 turns
 26543 | Elf:1    | Paralysed by an air elemental for 1 turns
 26990 | Swamp:1  | Entered Level 1 of the Swamp
 27411 | Swamp:1  | Reached skill level 15 in Armour
 28473 | Swamp:2  | Noticed a thorn hunter
 28488 | Swamp:2  | Killed a thorn hunter
 28523 | Swamp:1  | HP: 7/165 [shambling mangrove (5)]
 28523 | Swamp:1  | Constricted to death by a shambling mangrove

Illustrated notes

Levels and vault maps discovered:
D:1:      dpeg_arrival_subterranean_lakeside_camping, layout_basic
D:2:      layout_rooms, small_statue_intersection
D:3:      layout_loops_ring, ebering_ghost_disaster_area,
          uniq_crazy_yiuf_cottage
D:4:      layout_rooms
D:5:      layout_basic, minmay_strange_pillars
D:6:      layout_rooms, minmay_temple_entry_large_hall
D:7:      layout_loops_ring, lightli_bailey_entry_fortress,
          minmay_unpleasant_kobolds
D:8:      layout_basic, nicolae_figureground_pulse
D:9:      layout_irregular_city
D:10:     layout_basic, mainiacjoe_overflow_cross_hatched, erik_lair_island,
          minmay_shattered_shrine
D:11:     layout_irregular_city, david_orc_2, uniq_maurice, uniq_fannar
D:12:     layout_gridville, serial_co_window_serial, co_window_paths_a,
          co_window_of_opportunity_a, co_window_paths_b, co_window_paths_a,
          co_window_corner_a, co_window_paths_b, co_window_paths_b,
          co_window_broadway_c, co_window_broadway_a, co_window_corner_ca,
          co_window_unsneaky_path_c, co_window_corner_b,
          co_window_of_opportunity_c, co_window_2corner, glass_columns_a,
          glass_columns_b, glass_columns_c, glass_columns_a, glass_columns_b,
          uniq_kirke
D:13:     layout_rooms, serial_rivers, chequers_serial_rivers_large_a,
          chequers_serial_rivers_room_b, chequers_serial_rivers_room_a,
          chequers_serial_rivers_room_a
D:14:     layout_loops_ring, erik_vaults_1, serial_shops,
          nicolae_shop_hallway_stairs
D:15:     grunt_enter_depths_snipers, layout_layer_cave, serial_shops, shop,
          nicolae_concentric_dashed_squares_mild
Lair:1:   layout_gridlike, uniq_joseph
Lair:2:   layout_cave_pods, enter_volcano_4
Lair:3:   layout_gridlike, palyth_hydra_swamp_entry,
          chequers_serial_rivers_marsh, wad_woods_road_01,
          nicolae_lair_lil_pond, hangedman_tree_tricks
Lair:4:   layout_loops_ring, nicolae_spider_entry_non_spiders,
          nicolae_quartered_pool_medium, grunt_forest_stairs_basic,
          ldierk_geyser, nicolae_lair_grove_arrangements, st_stairs_8,
          chequers_serial_rivers_marsh
Lair:5:   nzn_winding_woodlands_small [nzn_winding_woodlands_5x15_eye,
          nzn_winding_woodlands_center_lodge,
          nzn_winding_woodlands_5x15_split_checker], layout_concentric_octagons
Lair:6:   minmay_lair_end_frog_pond, layout_regular_city,
          nicolae_slime_entry_slimehenge
Swamp:1:  layout_basic_swamp, evilmike_swamp_ruin_house_1, swamp_pool3
Swamp:2:  layout_falls_marsh, evilmike_swamp_ruin_house_3
Orc:1:    layout_caves
Orc:2:    st_orc_mages, layout_caves, serial_shops, shop
Elf:1:    layout_loops_corners, minmay_elf_crystal_hexagon, uniq_agnes
Depths:1: layout_gridlike, hangedman_decor_diamond_cutter, pf_coc_iceberg,
          rand_demon_pan_entry_7, elyvilon_altar_5, serial_bayou_shore_a

Skill      XL: |  1  2  3  4  5  6  7  8  9 10 11 12 13 14 15 16 |
---------------+-------------------------------------------------+-----
Axes           | 4 5 6 8 10 11 16 17 19 20 22 23 24 | 24.0
Fighting       | 4 5 6 7 8 12 14 15 16 17 19 20 | 20.4
Armour         | 5 8 11 14 15 | 15.7
Dodging        | 5 6 |  6.0

Action                   |  1- 3 |  4- 6 |  7- 9 | 10-12 | 13-15 | 16-18 || total
-------------------------+-------+-------+-------+-------+-------+-------++-------
Melee: Hand axe          |    46 |    52 |       |   488 |    22 |       ||   608
       Headbutt          |     5 |     9 |    28 |   120 |   309 |    32 ||   503
       Punch             |     1 |     2 |     3 |    13 |    20 |       ||    39
       Mace              |       |    14 |   175 |    70 |       |       ||   259
       War axe           |       |       |       |       |  1131 |       ||  1131
       Executioner's axe |       |       |       |       |    14 |   159 ||   173
       Battleaxe         |       |       |       |       |     8 |       ||     8
Invok: Berserk           |     1 |     4 |     6 |    20 |    13 |     1 ||    45
       Trog's Hand       |       |       |       |     1 |       |       ||     1
       Brothers in Arms  |       |       |       |       |     1 |     1 ||     2
Evoke: Wand              |       |       |       |     7 |     1 |       ||     8
       Box of beasts     |       |       |       |     1 |     1 |       ||     2
  Use: Scroll            |       |       |    12 |     7 |     5 |     3 ||    27
       Potion            |       |       |     5 |       |     3 |     1 ||     9
 Stab: Distracted        |       |       |       |     1 |     1 |       ||     2
Armor: Animal skin       |    16 |    31 |    90 |    45 |       |       ||   182
       Plate armour      |       |       |       |   242 |   437 |       ||   679
       Scale mail        |       |       |       |       |    77 |    29 ||   106
       Swamp dragon scal |       |       |       |       |       |    26 ||    26
Dodge: Dodged            |    36 |    41 |    95 |   185 |   700 |   113 ||  1170
Block: Other             |       |       |       |    90 |   255 |    33 ||   378
       Reflection        |       |       |       |     7 |    13 |     2 ||    22
